 Dungeon Crawl Stone Soup version 0.29-a0-1023-g6ae1a4a2c7 (webtiles) character file.

Game seed: 9332888542914050375

4184 nucleargodhead the Fighter (level 10, -2/100 HPs)
             Began as a Minotaur Berserker on Aug 11, 2022.
             Was an Elder of Trog.
             Slain by a komodo dragon (26 damage)
             ... on level 8 of the Dungeon.
             The game lasted 00:14:14 (7778 turns).

nucleargodhead the Fighter (Minotaur Berserker)     Turns: 7778, Time: 00:14:15

Health: -2/100     AC: 13    Str: 26    XL:     10   Next: 8%
Magic:  9/9        EV:  7    Int:  4    God:    Trog [****..]
Gold:   365        SH:  0    Dex: 10    Spells: 9/9 levels left

rFire   + + .      SeeInvis .   H - +0 morningstar
rCold   . . .      Faith    .   (no shield)
rNeg    . . .      Spirit   .   B - +0 plate armour
rPois   .          Reflect  .   I - +1 hat
rElec   .          Harm     .   (no cloak)
rCorr   .          Rampage  .   u - +0 pair of gloves
Will    .....                   (no boots)
Stlth   ..........              F - amulet of regeneration
HPRegen 1.06/turn               e - ring of protection from fire
MPRegen 0.11/turn               J - ring of protection from fire

@: on berserk cooldown, slowed, very slow
A: horns 2, retaliatory headbutt
a: Renounce Religion, Berserk, Trog's Hand, Brothers in Arms


You were on level 8 of the Dungeon.
You worshipped Trog.
Trog was greatly pleased with you.
You visited 2 branches of the dungeon, and saw 9 of its levels.

You collected 365 gold pieces.

Inventory:

Hand Weapons
 a - a +0 hand axe
 H - a +0 morningstar (weapon)
Armour
 u - a +0 pair of gloves (worn)
 v - a +0 leather armour
 B - a +0 plate armour (worn)
 I - a +1 hat (worn)
 K - a scarf of invisibility
Jewellery
 e - a ring of protection from fire (left hand)
 r - a ring of positive energy
 x - a ring of positive energy
 F - an amulet of regeneration (around neck)
 J - a ring of protection from fire (right hand)
Wands
 i - a wand of mindburst (5)
 z - a wand of flame (41)
 D - a wand of iceblast (20)
 G - a wand of paralysis (18)
Scrolls
 b - a scroll of immolation
 c - 3 scrolls of amnesia
 d - 2 scrolls of fog
 g - 2 scrolls of noise {unknown}
 k - a scroll of acquirement {unknown}
 p - a scroll of teleportation
 s - 2 scrolls of magic mapping {unknown}
 t - 3 scrolls of summoning
 w - 2 scrolls of poison {unknown}
 A - a scroll of blinking {unknown}
 C - 2 scrolls of enchant weapon {unknown}
Potions
 f - 6 potions of curing
 h - 2 potions of heal wounds {unknown}
 j - a potion of degeneration {unknown}
 l - 4 potions of brilliance
 m - 3 potions of might {unknown}
 n - a potion of ambrosia {unknown}
 o - 2 potions of flight {unknown}
 q - a potion of magic {unknown}
 E - 3 potions of lignification
 L - a potion of haste {unknown}


   Skills:
 + Level 12.8 Fighting
 + Level 12.8 Axes
 - Level 2.4 Armour
 - Level 2.1 Dodging


You had 9 spell levels left.
You didn't know any spells.
Your spell library was empty.

Dungeon Overview and Level Annotations

Branches:
Dungeon (8/15)             Temple (0/1) D:5            Lair (1/5) D:8

Altars:
Cheibriados
Kikubaaqudgha
Sif Muna

Shops:
D:4 (   D:8 *[

Annotations:
D:3 Grinder
Lair:1 Grum


Innate Abilities, Weirdness & Mutations

You have a pair of horns on your head.
You reflexively headbutt those who attack you in melee.


Message History

The vampire mosquito bites you but does no damage. x2
The komodo dragon hisses angrily.
You hit the vampire mosquito. You headbutt the vampire mosquito!
You destroy the vampire mosquito!
Trog accepts your kill.
The vampire mosquito bites you but does no damage.
The vampire mosquito bites you.
The vampire mosquito draws strength from your injuries!
You sock the vampire mosquito!
The vampire mosquito is heavily damaged.
The vampire mosquito bites you.
The vampire mosquito draws strength from your injuries!
You closely miss the vampire mosquito.
The vampire mosquito is heavily damaged.
The vampire mosquito bites you but does no damage.
The vampire mosquito closely misses you.
You closely miss the vampire mosquito.
Your headbutt misses the vampire mosquito.
The vampire mosquito is heavily damaged.
The vampire mosquito bites you.
The vampire mosquito draws strength from your injuries!
You barely miss the vampire mosquito. You headbutt the vampire mosquito!
The vampire mosquito is severely damaged.
The vampire mosquito bites you but does no damage. x2
You sock the vampire mosquito!
You destroy the vampire mosquito!
Trog accepts your kill.
You can now call in reinforcements.
You are no longer berserk.
You are exhausted.
You feel yourself slow down.
There is a staircase to the Lair here.
You are too injured to fight recklessly!
You are too injured to fight recklessly!
The komodo dragon bites you!
* * * LOW HITPOINT WARNING * * *
You see here a vampire mosquito corpse.
You closely miss the komodo dragon. The komodo dragon bites you.
* * * LOW HITPOINT WARNING * * *
The komodo dragon bites you!!
You die...

##.#.# #.# ##.##.# #...# #.#.#
#.#####..##.######...##### #.#.#
#.....#....P.............. ##.#.#
##.....................#.# .....#
##..P...P...P÷..P........#
.....###..P.........P.....P.#.∩.#
.........P..P.PP...P............#
....(##....P............P...###..
..)[<##P.....P.l@.........P.# ###
##.####..÷.......>P.....P...#
#........÷P.........P.....P#
#####............P......)..#
##..P......P.......P..P.#
#####............P..P.P..P.######
................P...†P...........
#####....#....P...P...P..#.######
##.#.###............#.#######


You could see a komodo dragon.

Vanquished Creatures
  A hornet (D:8)
  Sigmund (D:2)
  5 yaks (D:8)
  3 vampire mosquitoes (D:8)
  An acid dragon (D:8)
  2 water moccasins
  2 orc warriors (D:8)
  An ogre (D:5)
  2 black bears (D:8)
  4 centaurs
  2 kobold brigands
  2 bullfrogs
  2 necrophages (D:5)
  7 scorpions
  2 electric eels (D:8)
  6 howler monkeys
  A hound (D:6)
  2 orc priests
  3 iguanas
  4 orc wizards (D:8)
  Robin (D:3)
  4 adders
  A shadow imp (D:7)
  A white imp (D:7)
  A worm (D:4)
  5 dart slugs
  13 orcs
  7 ball pythons
  7 bats
  7 endoplasms
  2 giant cockroaches (D:1)
  8 goblins
  14 hobgoblins
  7 quokkas
  3 frilled lizards
  20 kobolds
  A butterfly (D:5)
155 creatures vanquished.

Vanquished Creatures (collateral kills)
  A black bear (D:4)
  A dart slug (D:4)
2 creatures vanquished.

Vanquished Creatures (others)
  36 fungi (D:8)
  42 plants (D:8)
78 creatures vanquished.

Grand Total: 235 creatures vanquished

Notes
Turn   | Place    | Note
-------+----------+-------------------------------------------
     0 | D:1      | nucleargodhead the Minotaur Berserker began the quest for
                  | the Orb.
     0 | D:1      | Reached XP level 1. HP: 19/19 MP: 0/0
   249 | D:1      | Reached XP level 2. HP: 24/27 MP: 1/1
   490 | D:1      | Found a faded altar of an unknown god.
   891 | D:1      | Reached ** piety under Trog
   964 | D:1      | Reached XP level 3. HP: 34/34 MP: 2/2
  1369 | D:2      | Noticed Sigmund
  1444 | D:2      | Killed Sigmund
  1445 | D:2      | Reached XP level 4. HP: 44/44 MP: 3/3
  1445 | D:2      | Reached XP level 5. HP: 50/50 MP: 4/4
  2429 | D:3      | Noticed Grinder
  2450 | D:3      | Paralysed by Grinder for 3 turns
  2460 | D:3      | Paralysed by Grinder for 3 turns
  2464 | D:3      | Paralysed by Grinder for 4 turns
  2477 | D:3      | Paralysed by Grinder for 4 turns
  2666 | D:3      | Identified the +2 helmet "Aseusoamp" {+Blink Str-4 Dex+4}
  2666 | D:3      | Noticed Robin
  2670 | D:3      | Killed Robin
  2884 | D:3      | Reached XP level 6. HP: 57/57 MP: 5/5
  3224 | D:4      | Found Kuuhococw's Antique Weapon Emporium.
  3648 | D:4      | Reached XP level 7. HP: 65/66 MP: 6/6
  4010 | D:5      | Entered Level 5 of the Dungeon
  4020 | D:5      | Reached *** piety under Trog
  4693 | D:5      | Found a staircase to the Ecumenical Temple.
  4827 | D:6      | Reached XP level 8. HP: 68/77 MP: 7/7
  5301 | D:6      | Found an ancient bone altar of Kikubaaqudgha.
  6186 | D:7      | Found a snail-covered altar of Cheibriados.
  6368 | D:7      | Reached skill level 10 in Fighting
  6368 | D:7      | Reached skill level 10 in Axes
  6912 | D:8      | Reached XP level 9. HP: 86/86 MP: 8/8
  6933 | D:8      | Noticed a komodo dragon
  6943 | D:8      | Paralysed by a hornet for 1 turns
  6944 | D:8      | HP: 4/86 [poisoned by a hornet]
  7244 | D:8      | Found a shimmering blue altar of Sif Muna.
  7411 | D:8      | Found Uhiepn's Neck Hole.
  7439 | D:8      | Found a staircase to the Lair.
  7476 | D:8      | Found Farph's Armour Shoppe.
  7751 | Lair:1   | Entered Level 1 of the Lair of Beasts
  7753 | Lair:1   | Noticed Grum
  7754 | Lair:1   | Noticed a five-headed hydra
  7766 | D:8      | Reached XP level 10. HP: 62/100 MP: 9/9
  7775 | D:8      | Reached **** piety under Trog
  7778 | D:8      | Slain by a komodo dragon

Illustrated notes

Levels and vault maps discovered:
D:1:      amcnicky_arrival_single_pillar, layout_basic, serial_corexii_hall,
          chequers_hall_statues_y, chequers_hall_statues_y,
          corexii_hall_statues_u, chequers_hall_statues_wall_a,
          chequers_ecumenical_altar_simple_redux
D:2:      layout_loops_ring, minmay_small_reverse_x, uniq_sigmund
D:3:      layout_basic, uniq_grinder, uniq_robin
D:4:      layout_layer_cave, serial_shops, shop_fountains,
          cheibrodos_sewer_entry_bend, chequers_garden
D:5:      layout_rooms, minmay_temple_entry_butterflies
D:6:      lemuel_ice_spiral_2, layout_basic, mainiacjoe_overflow_paths
D:7:      layout_cave_pools, kennysheep_slug_shrine, minivault_24,
          minmay_misc_feat_columns, minmay_misc_feat_tiny, lemuel_flamethrower_2
D:8:      layout_loops_ring, lemuel_doored_altar, due_lair_maze_entry_diamond,
          serial_shops, nicolae_shop_stone, minivault_14,
          nicolae_shop_sticking_my_neck_out
Lair:1:   layout_chaotic_city, chequers_serial_rivers_micro_c, pond,
          serial_bayou_shore_a, grunt_megastairs_2, lemuel_fruit_tree, uniq_grum

Skill      XL: |  1  2  3  4  5  6  7  8  9 |
---------------+----------------------------+-----
Fighting       | 4 6 7 8 10 12 | 12.8
Axes           | 4 6 7 8 10 12 | 12.8
Armour         | |  2.4
Dodging        | |  2.1

Action                   |  1- 3 |  4- 6 |  7- 9 | 10-12 || total
-------------------------+-------+-------+-------+-------++-------
Melee: Hand axe          |    75 |    80 |   113 |       ||   268
       Headbutt          |    10 |    11 |    55 |     3 ||    79
       Punch             |     2 |     3 |     5 |       ||    10
       Morningstar       |       |       |   166 |    10 ||   176
Invok: Trog's Hand       |     1 |     3 |     3 |       ||     7
       Berserk           |     1 |     2 |     4 |       ||     7
  Use: Scroll            |     2 |     2 |     6 |       ||    10
 Stab: Sleeping          |       |     1 |       |       ||     1
Armor: Animal skin       |    15 |     1 |       |       ||    16
       Leather armour    |       |    13 |       |       ||    13
       Plate armour      |       |    28 |   203 |     8 ||   239
Dodge: Dodged            |    51 |    38 |   117 |     2 ||   208

Table legend: (Time is in decaauts)
 A = Elapsed time spent in this place.
 B = Non-inter-level travel time spent in this place.
 C = Inter-level travel time spent in this place.
 D = Time resting spent in this place.
 E = Time spent auto-exploring this place.
 F = Levels seen in this place.
 G = Mean time per level.
                   A        B        C        D        E       F      G
               +--------+--------+--------+--------+--------+-----+--------+
         Total |   7859 |   7495 |    364 |    678 |   5329 |   9 |  873.2 |
       Dungeon |   7849 |   7485 |    364 |    678 |   5329 |   8 |  981.1 |
          Lair |      9 |      9 |      0 |      0 |      0 |   1 |    9.0 |
               +--------+--------+--------+--------+--------+-----+--------+

Top non-repeatable levels by time:
     D:1: 1247 daAuts
     D:6: 1222 daAuts
     D:2: 1066 daAuts
     D:4: 1013 daAuts
     D:7: 980 daAuts
     D:8: 798 daAuts
     D:5: 797 daAuts
     D:3: 722 daAuts
  Lair:1: 9 daAuts
